 Dungeon Crawl Stone Soup version 0.30-a0-1075-gcd70e7a56d (webtiles) character file.

Game seed: 10564170894391029287

148 LobsterGuardian the Slasher (level 5, -4/41 HPs)
             Began as a Demonspawn Gladiator on Apr 15, 2023.
             Killed from afar by an orc wizard (12 damage)
             ... with a magic dart
             ... on level 3 of the Dungeon.
             The game lasted 00:05:20 (1738 turns).

LobsterGuardian the Slasher (Demonspawn Gladiator)  Turns: 1738, Time: 00:05:21

Health: -4/41      AC:  4    Str: 14    XL:     5   Next: 8%
Magic:  5/5        EV: 13    Int: 10    God:
Gold:   59         SH:  0    Dex: 16    Spells: 4/4 levels left

rFire   . . .      SeeInvis .    a - +0 long sword
rCold   . . .      Faith    .    (no shield)
rNeg    . . .      Spirit   .    b - +0 leather armour
rPois   .          Reflect  .    c - +0 helmet
rElec   .          Rampage  .    (no cloak)
rCorr   .                        (no gloves)
Will    .....                    (no boots)
Stlth   +                        (no amulet)
HPRegen 0.26/turn                (no ring)
MPRegen 0.09/turn                (no ring)

@: attractive, hasted (expiring), invisible, very quick
A: demonic guardian 3, powered by pain 1
a: no special abilities


You were on level 3 of the Dungeon.
You visited 1 branch of the dungeon, and saw 3 of its levels.

You collected 59 gold pieces.

Inventory:

Hand Weapons
 a - a +0 long sword (weapon)
Armour
 b - a +0 leather armour (worn)
 c - a +0 helmet (worn)
Scrolls
 k - a scroll of teleportation {unknown}
 l - a scroll of enchant armour {unknown}
Potions
 g - a potion of lignification {unknown}
 i - a potion of attraction


   Skills:
 * Level 3.1 Fighting
 + Level 4.1 Long Blades
 - Level 1.7 Throwing
 + Level 1.1 Armour
 + Level 3.3 Dodging


You had 4 spell levels left.
You didn't know any spells.
Your spell library contained the following spells:

 Spells                   Type           Power      Damage    Failure   Level
 Shock                    Conj/Air       0%         1d3       43%         1
 Inner Flame              Hex/Fire       0%         N/A       80%         3
 Swiftness                Air            0%         N/A       80%         3
 Airstrike                Air            0%         2d(0-16)  99%         4
 Yara's Violent Unravell  Hex/Tmut       0%         3d3       100%        5
 Simulacrum               Ice/Necr       0%         N/A       100%        6
 Enfeeble                 Hex            0%         N/A       100%        7
 Ozocubu's Refrigeration  Ice            0%         4d7       100%        7
 Polar Vortex             Ice            0%         N/A       100%        9


Dungeon Overview and Level Annotations

Branches:
Dungeon (3/15)

Altars:


Innate Abilities, Weirdness & Mutations

A powerful demonic guardian rushes to your aid.
You sometimes gain a little power by taking damage.


Message History

The adder barely misses you.
You closely miss the adder.
The adder is almost dead.
You feel sick.
You are no longer poisoned.
The adder bites you but does no damage.
You slash the adder!
You kill the adder!
It was a potion of attraction.
You feel attractive to monsters. The orc is attracted toward you.
The orc wizard is attracted toward you.
You hit the orc.
The orc is moderately wounded.
The orc closely misses you.
You closely miss the orc.
The orc is moderately wounded.
The orc wizard points at the orc and mumbles some strange words.
The puff of flame hits the orc!
The orc dies!
The orc wizard is attracted toward you.
You hit the orc wizard but do no damage.
You hit the orc wizard.
The orc wizard is moderately wounded.
The orc wizard hits you but does no damage.
You closely miss the orc wizard.
The orc wizard is moderately wounded.
The orc wizard barely misses you.
You hit the orc wizard but do no damage.
The orc wizard is moderately wounded.
The orc wizard gestures wildly while chanting.
The orc wizard flickers and vanishes!
Deactivating autopickup; reactivate with Ctrl-A.
You miss something. Something hits you but does no damage.
You miss something. You barely miss something.
Your extra speed is starting to run out.
You hear some strange, mumbled words.
A magic dart appears from out of thin air!
The magic dart hits you!
You die...

####### ####.#...#
.........#
############.))#.#
#(.........#<))..#
#.########.#.#####
#.# #.#.....# #@#
#.#.###.# #{#
#.#...#.# #)#
#.#####.# #(#
#.......# #)#
######### ...
..>.$ .......
.........


There were no monsters in sight!

Vanquished Creatures
  An orc priest (D:3)
  2 orc wizards (D:3)
  An adder (D:3)
  A dart slug (D:2)
  2 orcs (D:3)
  6 endoplasms
  3 giant cockroaches (D:2)
  4 hobgoblins
  3 jackals (D:1)
  5 kobolds
  5 quokkas
  5 ball pythons
  7 bats
  4 frilled lizards
  7 goblins
  5 rats
61 creatures vanquished.

Vanquished Creatures (collateral kills)
  An orc (D:3)
  A jackal (D:1)
  A rat (D:1)
3 creatures vanquished.

Vanquished Creatures (others)
  An orc (D:3)
1 creature vanquished.

Grand Total: 65 creatures vanquished

Notes
Turn   | Place    | Note
-------+----------+-------------------------------------------
     0 | D:1      | LobsterGuardian the Demonspawn Gladiator began the quest
                  | for the Orb.
     0 | D:1      | Reached XP level 1. HP: 16/16 MP: 1/1
   121 | D:1      | Gained mutation: A weak demonic guardian rushes to your
                  | aid. [demonic ancestry]
   121 | D:1      | Reached XP level 2. HP: 17/22 MP: 2/2
   146 | D:1      | Reached skill level 3 in Long Blades
   281 | D:1      | Found a faded altar of an unknown god.
   504 | D:1      | Gained mutation: You sometimes gain a little power by
                  | taking damage. [demonic ancestry]
   504 | D:1      | Reached XP level 3. HP: 28/28 MP: 3/3
  1519 | D:3      | Gained mutation: A demonic guardian rushes to your aid.
                  | [demonic ancestry]
  1519 | D:3      | Reached XP level 4. HP: 27/34 MP: 4/4
  1531 | D:3      | Reached skill level 4 in Long Blades
  1531 | D:3      | Reached skill level 1 in Armour
  1714 | D:3      | Gained mutation: A powerful demonic guardian rushes to your
                  | aid. [demonic ancestry]
  1714 | D:3      | Reached XP level 5. HP: 13/41 MP: 5/5
  1738 | D:3      | Killed from afar by an orc wizard

Illustrated notes

Levels and vault maps discovered:
D:1:      lemuel_arrival_rhombus, layout_basic, basic_ecumenical_altar
D:2:      layout_basic, minmay_hexomino_p4
D:3:      layout_basic, overflow_temple_1_default, nicolae_ashenzari_skybound,
          nicolae_gozag_zags_fifth_avenue, dk_noncrumbling_2

Skill      XL: |  1  2  3  4 |
---------------+-------------+-----
Long Blades    | 3 4 |  4.1
Dodging        | 3 |  3.3
Fighting       | 3 |  3.1
Armour         | 1 |  1.1
Throwing       | |  1.7

Action                     |  1- 3 |  4- 6 || total
---------------------------+-------+-------++-------
  Melee: Long sword        |   134 |    54 ||   188
  Throw: Throwing net      |       |     3 ||     3
         Javelin           |       |     1 ||     1
    Use: Scroll            |     4 |       ||     4
         Potion            |       |     7 ||     7
   Stab: Sleeping          |     1 |       ||     1
         Invisible         |       |     1 ||     1
 Armour: Leather armour    |    42 |    14 ||    56
  Dodge: Dodged            |    86 |    25 ||   111

Table legend: (Time is in decaauts)
 A = Elapsed time spent in this place.
 B = Non-inter-level travel time spent in this place.
 C = Inter-level travel time spent in this place.
 D = Time resting spent in this place.
 E = Time spent auto-exploring this place.
 F = Levels seen in this place.
 G = Mean time per level.
                   A        B        C        D        E       F      G
               +--------+--------+--------+--------+--------+-----+--------+
         Total |   1752 |   1731 |     21 |      0 |   1330 |   3 |  584.0 |
       Dungeon |   1752 |   1731 |     21 |      0 |   1330 |   3 |  584.0 |
               +--------+--------+--------+--------+--------+-----+--------+

Top non-repeatable levels by time:
     D:2: 834 daAuts
     D:1: 712 daAuts
     D:3: 205 daAuts
